 Dungeon Crawl Stone Soup version 0.21.1-1-g345015f (webtiles) character file.

357 Zubo the Insei (level 6, -1/41 HPs)
             Began as an Octopode Transmuter on June 21, 2018.
             Was an Initiate of Fedhas.
             Splashed by a jelly's acid (4 damage)
             ... on level 4 of the Dungeon.
             The game lasted 00:11:42 (4238 turns).

Zubo the Insei (Octopode Transmuter)                Turns: 4238, Time: 00:11:43

Health: -1/41      AC: -6    Str: 10    XL:     6   Next: 64%
Magic:  11/18      EV: 19    Int: 17    God:    Fedhas [......]
Gold:   221        SH:  0    Dex: 17    Spells: 3/9 levels left

rFire    . . .     SeeInvis .     - Unarmed
rCold    + . .     Gourm    .   (shield currently unavailable)
rNeg     . . .     Faith    .   (helmet currently unavailable)
rPois    x         Spirit   .   (no amulet)
rElec    .         Reflect  .   d - ring of stealth
rCorr    .         Harm     .   r - ring of protection from cold
MR       .....                  l - ring of magical power
Stlth    +++.......             k - ring of flight
HPRegen  0.13/turn              (no ring)
MPRegen  0.16/turn              (no ring)
                                (no ring)
                                (no ring)

@: spider-form, corroded
A: tiny, almost no armour, stealthy swim, (amphibious), 8 rings, (constrict 8)
a: End Transformation, Fungal Bloom, Renounce Religion, Evoke Flight


You were on level 4 of the Dungeon.
You worshipped Fedhas.
Fedhas was noncommittal.
You were near starving.
You were a venomous arachnid creature.
You visited 1 branch of the dungeon, and saw 4 of its levels.

You collected 221 gold pieces.

Inventory:

Missiles
 a - 30 arrows
 h - 47 bolts
Armour
 n - a +1 shield
Jewellery
 d - a ring of stealth (left front leg)
 k - a ring of flight (on tentacle)
 l - a ring of magical power (on tentacle)
 r - a ring of protection from cold (right front leg)
Scrolls
 f - 3 scrolls of teleportation
 m - a scroll of magic mapping {unknown}
 s - a scroll of remove curse
 t - a scroll of noise {unknown}
 u - a scroll of fear {unknown}
Potions
 e - 2 potions of haste {unknown}
 g - a potion of ambrosia {unknown}
 i - 2 potions of curing
 j - a potion of brilliance {unknown}
 o - a potion of cancellation {unknown}
 p - a potion of degeneration {unknown}
 q - 2 potions of flight
 v - a potion of resistance {unknown}
Books
 b - a book of Changes

   Spells                             Type                      Level
   a - Beastly Appendage              Transmutation                1
   b - Sticks to Snakes               Transmutation                2
   c - Spider Form                    Transmutation/Poison         3
   d - Ice Form                       Ice/Transmutation            4
   e - Blade Hands                    Transmutation                5
Comestibles
 c - 4 rations


   Skills:
 + Level 2.9 Fighting
 - Level 2.0 Dodging
 * Level 5.3 Unarmed Combat
 - Level 2.0 Spellcasting
 + Level 3.8 Transmutations
 + Level 2.1 Poison Magic


You had 3 spell levels left.
You knew the following spells:

 Your Spells              Type           Power        Failure   Level  Hunger
a - Beastly Appendage     Tmut           ##....       13%         1    #......
b - Sticks to Snakes      Tmut           ##......     17%         2    ###....
c - Spider Form           Tmut/Pois      ##........   36%         3    ###....


Dungeon Overview and Level Annotations

Branches:
Dungeon (4/15)
 Temple: D:4-7

Altars:
Fedhas
Sif Muna
The Shining One


Innate Abilities, Weirdness & Mutations

You cannot wear most types of armour.
You are very stealthy in the water. (Stealth+)
((You are amphibious.))
You can wear up to eight rings at the same time.
((You can use your tentacles to constrict eight enemies at once.))
((Your skin changes colour to match your surroundings (Stealth+).))
((Your rubbery body absorbs attacks. (AC +1, EV +1)))


Message History

Your Poison Magic skill increases to level 2!
The jelly hits you. The acid corrodes you!
You are splashed with acid!
The acid burns!
* * * LOW HITPOINT WARNING * * *
The jelly barely misses you.
Items here: ) ? [ † a dagger; a robe; a scroll of remove curse; an orc corpse You feel sick.
You feel better. The jelly misses you.
You hit the orc.
The orc is poisoned.
The orc is moderately wounded.
The jelly hits you.
* * * LOW HITPOINT WARNING * * *
The acid corrodes you!
You are splashed with acid!
The acid burns!
* * * LOW HITPOINT WARNING * * *
The orc closely misses you.
You kill the orc!
You hit the jelly but do no damage.
Your front legs burn!
You die...
Fedhas appreciates your contribution to the ecosystem.

.##.#.#.....# #.##
#.#...#... #
#.#.#..#### ....#
#)#....+..
#......####.....##
#.#...##..
###.#..#.........
..#)..#...
#.#..#.##.....##
###....#.# #
#...........# #...#.##
#...##.####..#
#.)..... #..#
#.####..######........
#..
#.)oJs......##.#.#####
#.. #†)###.>###.##....
#.. #..# ..# #...< #.
#..# ..# #..### ...#
..# #.. ..... ... ...
###...# #... ..... .##
#...##


You could see a jelly and an orc.

Vanquished Creatures
  A crimson imp (D:4)
  A hound (D:2)
  A centaur skeleton (D:4)
  2 orc wizards
  A worker ant (D:4)
  2 gnolls (D:2)
  7 adders
  An ooze (D:2)
  4 worms
  4 dart slugs
  4 leopard geckos
  4 orcs
  5 bats
  4 goblins
  5 hobgoblins
  2 jackals (D:2)
  5 kobolds
  2 quokkas
  2 ball pythons (D:3)
  5 frilled lizards
  2 goblin skeletons (D:4)
  3 hobgoblin zombies (D:4)
  A kobold skeleton (D:4)
  3 kobold zombies (D:4)
  A leopard gecko zombie (D:2)
  7 rats
79 creatures vanquished.

Vanquished Creatures (collateral kills)
  A gnoll (D:2)
  An adder (D:3)
  An orc (D:3)
  A bat (D:2)
  A goblin (D:2)
  A kobold (D:2)
6 creatures vanquished.

Grand Total: 85 creatures vanquished

Notes
Turn   | Place    | Note
-------+----------+-------------------------------------------
     0 | D:1      | Zubo the Octopode Transmuter began the quest for the Orb.
     0 | D:1      | Reached XP level 1. HP: 13/13 MP: 3/3
   277 | D:1      | Reached XP level 2. HP: 15/18 MP: 5/5
   932 | D:1      | Learned a level 2 spell: Sticks to Snakes
  1298 | D:2      | Reached XP level 3. HP: 23/23 MP: 1/6
  1545 | D:2      | Reached skill level 4 in Unarmed Combat
  1545 | D:2      | Reached XP level 4. HP: 23/29 MP: 5/7
  1704 | D:2      | Learned a level 3 spell: Spider Form
  1817 | D:2      | Found a deep blue altar of Sif Muna.
  2196 | D:2      | Reached XP level 5. HP: 34/34 MP: 6/8
  2960 | D:3      | Found a blossoming altar of Fedhas.
  2978 | D:3      | Reached skill level 1 in Poison Magic
  3083 | D:3      | Became a worshipper of Fedhas Madash
  3872 | D:4      | Reached XP level 6. HP: 29/41 MP: 9/9
  4048 | D:4      | Reached skill level 5 in Unarmed Combat
  4123 | D:4      | Found a glowing golden altar of the Shining One.
  4238 | D:4      | Splashed by a jelly's acid

Skill      XL: |  1  2  3  4  5  6 |
---------------+-------------------+-----
Unarmed Combat | 4 5 |  5.3
Transmutations | 3 |  3.8
Fighting       | 2 |  2.9
Poison Magic   | 1 2 |  2.1
Dodging        | |  2.0
Spellcasting   | |  2.0

Action                   |  1- 3 |  4- 6 || total
-------------------------+-------+-------++-------
Melee: Unarmed           |    46 |   145 ||   191
       Constrict         |    15 |    36 ||    51
       Tentacles         |     7 |    25 ||    32
       Kick              |     9 |    24 ||    33
       Punch             |       |     2 ||     2
 Cast: Beastly Appendage |     8 |    13 ||    21
       Sticks to Snakes  |     5 |     7 ||    12
       Spider Form       |       |     3 ||     3
  Use: Scroll            |     4 |     4 ||     8
       Potion            |       |     2 ||     2
 Stab: Sleeping          |     5 |    10 ||    15
  Eat: Chunk             |     3 |     7 ||    10
Armor: Skin              |     5 |     6 ||    11
Dodge: Dodged            |    32 |    66 ||    98
